 Dungeon Crawl Stone Soup version 0.26-a0-113-gd8a95b691d (webtiles) character file.

Game seed: 1807421869317871828

4512 tilp the Severer (level 10, -3/86 HPs)
             Began as a Hill Orc Monk on June 26, 2020.
             Was a Priest of Beogh.
             Slain by Erolcha
             ... wielding a cursed -2 giant club
              (24 damage)
             ... on level 9 of the Dungeon on June 27, 2020.
             The game lasted 00:16:45 (12941 turns).

tilp the Severer (Hill Orc Monk)                   Turns: 12941, Time: 00:16:45

Health: -3/86      AC: 12    Str: 18    XL:     10   Next: 39%
Magic:  7/10       EV:  6    Int: 10    God:    Beogh [***...]
Gold:   443        SH:  5    Dex: 13    Spells: 9/9 levels left

rFire    . . .     SeeInvis .   a - +0 war axe
rCold    . . .     Faith    .   w - +0 buckler
rNeg     . . .     Spirit   .   H - +0 plate armour
rPois    .         Reflect  .   B - +0 helmet
rElec    .         Harm     .   (no cloak)
rCorr    .                      h - +0 pair of gloves
MR       .....                  (no boots)
Stlth    ..........             m - amulet of the acrobat
HPRegen  0.24/turn              (no ring)
MPRegen  0.12/turn              (no ring)

@: no status effects
A: no striking features
a: Smiting, Renounce Religion


You were on level 9 of the Dungeon.
You worshipped Beogh.
Beogh was most pleased with you.
You were not hungry.

You visited 1 branch of the dungeon, and saw 9 of its levels.

You collected 443 gold pieces.

Inventory:

Hand Weapons
 a - a +0 war axe (weapon)
 F - a +0 battleaxe
Missiles
 x - 60 poisoned darts
 E - 7 boomerangs
 G - 2 javelins (quivered)
Armour
 h - a +0 pair of gloves (worn)
 l - a +0 robe of cold resistance
 w - a +0 buckler (worn)
 B - a +0 helmet (worn)
 H - a +0 plate armour (worn)
Jewellery
 i - an uncursed ring of flight
 m - an amulet of the acrobat (around neck)
Wands
 b - a wand of flame (10)
 J - a wand of acid (5)
Scrolls
 d - a scroll of amnesia
 e - a scroll of noise {unknown}
 j - 6 scrolls of teleportation
 n - a scroll of magic mapping {unknown}
 q - 2 scrolls of fog
 v - a scroll of immolation {unknown}
 y - a scroll of enchant weapon {unknown}
 A - a scroll of blinking {unknown}
 C - a scroll of silence
 D - 2 scrolls of random uselessness {unknown}
 I - a scroll of vulnerability {unknown}
 K - a scroll of fear {unknown}
Potions
 f - a potion of magic
 g - 3 potions of lignification
 k - 7 potions of curing
 o - a potion of cancellation
 p - 2 potions of haste
 r - a potion of degeneration
 s - a potion of berserk rage {unknown}
 t - a potion of ambrosia {unknown}
 u - 2 potions of flight {unknown}
 z - a potion of brilliance {unknown}
Comestibles
 c - 18 rations
 L - 3 chunks of flesh


   Skills:
 + Level 7.3 Fighting
 - Level 16.0 Axes
 - Level 4.0 Dodging
 - Level 1.5 Stealth
 - Level 4.0 Shields


You had 9 spell levels left.
You didn't know any spells.
Your spell library contained the following spells:

 Spells                   Type           Power        Failure   Level  Hunger
 Magic Dart               Conj           #...         100%        1    ##.....
 Searing Ray              Conj           #.....       100%        2    ###....
 Dazzling Flash           Conj/Hex       #.....       100%        3    ####...
 Fulminant Prism          Conj/Hex       #.........   100%        4    #####..
 Iskenderun's Mystic Bla  Conj/Tloc      #.......     100%        4    #####..


Dungeon Overview and Level Annotations

Branches:
Dungeon (9/15)             Temple (0/1) D:7            Lair (0/6) D:9
    Orc: D:9-12

Altars:
Cheibriados
Okawaru
Qazlal
Uskayaw
Vehumet
Wu Jian

Annotations:
D:9 Erolcha


Message History

Press: ? - help, Shift-Dir - straight line, f/p - Erolcha
Aim: Erolcha, wielding a -2 giant club and wearing a +0 robe (heavily wounded, covered in acid)
The bolt of acid hits Erolcha!
Erolcha is splashed with acid.
Erolcha is almost dead.
Erolcha drinks a potion.
Erolcha is healed!
Unknown command.
Evoke which item? (* to show all) (? for menu, Esc to quit)
Aiming: Corrosive Bolt
Press: ? - help, Shift-Dir - straight line, f/p - Erolcha
Aim: Erolcha, wielding a -2 giant club and wearing a +0 robe (severely wounded, covered in acid)
The bolt of acid hits Erolcha!
Erolcha is splashed with acid.
Erolcha seems to be corroded for longer.
Erolcha is almost dead.
Unknown command.
You hit Erolcha but do no damage.
Erolcha is almost dead.
You hit Erolcha but do no damage.
Erolcha is almost dead.
Erolcha hits you with a cursed -2 giant club!!
You die...

≈.≈.≈.≈≈≈≈≈........#
≈≈≈≈≈≈≈≈≈≈≈........#
≈≈≈≈≈≈≈≈...........#
.≈.≈≈≈≈≈.≈.........####.
..≈≈.≈≈≈.$..............
≈.≈....≈...............
....≈....≈............
..............)..)###
...............o@.#
.............).O..#
..................#
..................#
..................#
..................#
..................#
..................#
..................#


You could see Erolcha (corroded) and a friendly orc warrior.

Vanquished Creatures
  2 trolls (D:9)
  2 hippogriffs
  A wyvern (D:8)
  4 yaks
  2 phantoms
  2 orc warriors
  A black bear (D:9)
  2 necrophages
  4 ogres
  3 wolves
  4 bullfrogs
  4 scorpions
  A water moccasin skeleton (D:7)
  3 wights
  5 electric eels (D:9)
  2 crimson imps
  A bullfrog zombie (D:5)
  7 hounds
  5 jellies
  4 iguanas
  Jessica (D:2)
  A centaur skeleton (D:6)
  4 orc wizards
  5 worker ants
  3 hound skeletons
  4 gnolls
  6 adders
  6 oozes
  An adder skeleton (D:5)
  3 worms
  3 dart slugs
  3 leopard geckos
  11 orcs
  5 giant cockroaches
  6 goblins
  17 hobgoblins
  9 jackals
  5 quokkas
  2 ball pythons
  A ball python skeleton (D:4)
  9 bats
  7 frilled lizards
  A giant cockroach zombie (D:6)
  11 kobolds
  6 rats
189 creatures vanquished.

Vanquished Creatures (collateral kills)
  An orc priest (D:9)
1 creature vanquished.

Vanquished Creatures (others)
  An orc warrior (D:7)
  A yak (D:7)
  An ice beast (D:7)
  An orc priest (D:7)
  A worker ant (D:7)
  4 orcs
9 creatures vanquished.

Grand Total: 199 creatures vanquished

Notes
Turn   | Place    | Note
-------+----------+-------------------------------------------
     0 | D:1      | tilp the Hill Orc Monk began the quest for the Orb.
     0 | D:1      | Reached XP level 1. HP: 19/19 MP: 1/1
   164 | D:1      | Reached XP level 2. HP: 24/26 MP: 2/2
   313 | D:1      | Reached skill level 5 in Axes
   560 | D:1      | Reached XP level 3. HP: 31/31 MP: 3/3
  1052 | D:2      | Reached skill level 6 in Axes
  1399 | D:2      | Reached XP level 4. HP: 29/39 MP: 4/4
  2509 | D:2      | Noticed Jessica
  2520 | D:2      | Killed Jessica
  2520 | D:2      | Reached skill level 7 in Axes
  2744 | D:3      | Reached XP level 5. HP: 43/45 MP: 5/5
  2789 | D:3      | Found a snail-covered altar of Cheibriados.
  3607 | D:4      | Noticed an ogre
  3657 | D:4      | Reached skill level 8 in Axes
  3986 | D:4      | Reached XP level 6. HP: 18/51 MP: 6/6
  4484 | D:4      | Noticed a phantom
  4488 | D:4      | Reached skill level 9 in Axes
  5719 | D:4      | Reached skill level 10 in Axes
  5719 | D:4      | Reached XP level 7. HP: 52/57 MP: 7/7
  5923 | D:4      | Reached skill level 1 in Shields
  6650 | D:5      | Entered Level 5 of the Dungeon
  7216 | D:5      | Found an iron altar of Okawaru.
  7563 | D:6      | Reached XP level 8. HP: 62/64 MP: 8/8
  7574 | D:6      | Reached skill level 11 in Axes
  8752 | D:7      | Became a worshipper of Beogh the Brigand
  8752 | D:7      | Reached * piety under Beogh
  8752 | D:7      | Reached ** piety under Beogh
  8964 | D:7      | Reached skill level 12 in Axes
  9414 | D:7      | Found a stormy altar of Qazlal.
  9416 | D:7      | Noticed an air elemental
  9417 | D:7      | Noticed a water elemental
  9461 | D:7      | Found a staircase to the Ecumenical Temple.
  9481 | D:7      | Noticed a hippogriff
  9493 | D:7      | Killed a hippogriff
  9590 | D:7      | Noticed a yak
  9591 | D:7      | Noticed a yak
  9592 | D:7      | Noticed a yak
  9593 | D:7      | Noticed a yak
  9596 | D:7      | Noticed a yak
  9602 | D:7      | Killed a yak
  9602 | D:7      | Reached skill level 13 in Axes
  9733 | D:6      | Killed a yak
  9733 | D:6      | Reached XP level 9. HP: 46/70 MP: 9/9
  9928 | D:6      | Reached skill level 14 in Axes
 10042 | D:7      | Found a stormy altar of Qazlal.
 11019 | D:8      | Reached skill level 15 in Axes
 11569 | D:9      | Found a hide-covered altar of Uskayaw.
 11731 | D:9      | Found a radiant altar of Vehumet.
 11731 | D:9      | Found an ornate altar of the Wu Jian Council.
 11798 | D:9      | Reached skill level 16 in Axes
 11976 | D:9      | Noticed a troll
 12002 | D:9      | Killed a troll
 12002 | D:9      | Reached XP level 10. HP: 23/80 MP: 10/10
 12201 | D:9      | Reached skill level 5 in Fighting
 12384 | D:9      | Noticed Erolcha
 12491 | D:9      | Reached *** piety under Beogh
 12779 | D:9      | Found a staircase to the Lair.
 12941 | D:9      | Slain by Erolcha

Illustrated notes

Levels and vault maps discovered:
D:1:      wheals_arrival_linesprint, layout_basic
D:2:      layout_basic, minmay_misc_feat_ornament,
          chequers_serial_rivers_small_b, uniq_jessica
D:3:      kennysheep_six_static_rooms, layout_basic, kennysheep_slug_shrine,
          first_ration
D:4:      kb_forest_paths, layout_rooms, kennysheep_cross_bottleneck
D:5:      layout_gridville, okawaru_ov_weapons_minmay
D:6:      layout_rooms, minivault_27
D:7:      layout_loops_ring, minmay_temple_entry_enclosed_plants, basic_altar,
          nicolae_qazlal_style_of_elements
D:8:      layout_basic, hangedman_little_slice_of_home
D:9:      layout_long_grid, gammafunk_temple_overflow_forgotten,
          erik_lair_island, orc_0_dummy, uniq_erolcha

Skill      XL: |  1  2  3  4  5  6  7  8  9 10 |
---------------+-------------------------------+-----
Axes           | 5 6 7 8 10 13 16 | 16.0
Shields        | 4 |  4.0
Fighting       | 4 7 |  7.3
Dodging        | 3 4 |  4.0
Stealth        | |  1.5

Action                   |  1- 3 |  4- 6 |  7- 9 | 10-12 || total
-------------------------+-------+-------+-------+-------++-------
Melee: Hand axe          |   131 |   325 |   234 |       ||   690
       War axe           |       |       |   237 |    88 ||   325
Throw: Javelin           |       |     5 |    16 |       ||    21
       Stone             |       |       |     6 |       ||     6
       Dart              |       |       |     3 |     2 ||     5
Invok: Smiting           |       |       |     1 |     1 ||     2
       Convert to Beogh  |       |       |     1 |       ||     1
Evoke: Wand              |       |       |       |    13 ||    13
  Use: Scroll            |     5 |     1 |     7 |     1 ||    14
       Potion            |       |       |     3 |       ||     3
 Stab: Sleeping          |       |     1 |       |       ||     1
  Eat: Chunk             |     2 |    10 |    10 |     3 ||    25
       Ration            |       |     1 |     3 |       ||     4
Armor: Ring mail         |    56 |    23 |       |       ||    79
       Chain mail        |       |    97 |    78 |       ||   175
       Plate armour      |       |       |    68 |    50 ||   118
Dodge: Dodged            |    95 |   115 |   110 |    26 ||   346
Block: Buckler           |       |       |    64 |    23 ||    87

Table legend:
 A = Non-vault XP
 B = Vault XP
 C = Vault XP percentage of total XP
 D = Non-vault monster count
 E = Vault monster count
 F = Vault count percentage of total count
                 A         B        C        D         E       F
            +---------+---------+-------+---------+---------+-------
      Total |    5408 |    1039 |  16.1 |     165 |      25 |  13.2
            +---------+---------+-------+---------+---------+-------
        D:1 |      53 |       0 |   0.0 |      29 |       0 |   0.0
        D:2 |      73 |      37 |  33.6 |      30 |       1 |   3.2
        D:3 |     154 |      13 |   7.8 |      19 |       7 |  26.9
        D:4 |     488 |       3 |   0.6 |      18 |       1 |   5.3
        D:5 |     269 |       0 |   0.0 |       7 |       0 |   0.0
        D:6 |     916 |       0 |   0.0 |      18 |       0 |   0.0
        D:7 |     991 |       0 |   0.0 |      15 |       0 |   0.0
        D:8 |     972 |     441 |  31.2 |       8 |      11 |  57.9
        D:9 |    1492 |     545 |  26.8 |      21 |       5 |  19.2
            +---------+---------+-------+---------+---------+-------
